 Dungeon Crawl Stone Soup version 0.23-a0-612-gcb482e9 (console) character file.

96926 bli the Impaler (level 16, -1/312 HPs)
             Began as a Merfolk Monk on Dec 16, 2018.
             Was the Champion of Makhleb.
             Slain by a hornet (9 damage)
             ... created by a shambling mangrove
             ... on level 1 of the Swamp on Dec 21, 2018.
             The game lasted 02:59:54 (31013 turns).

bli the Impaler (Merfolk Monk)                     Turns: 31013, Time: 02:59:55

Health: -1/312     AC: 28    Str: 19    XL:     16   Next: 18%
Magic:  1/19       EV:  2    Int: 18    God:    Makhleb [******]
Gold:   645        SH:  9    Dex: 18    Spells: 15/18 levels left

rFire    . . .     SeeInvis +   a - +3 spear (venom)
rCold    + . .     Gourm    .   i - +0 buckler
rNeg     + + +     Faith    .   (armour currently unavailable)
rPois    +         Spirit   .   (helmet currently unavailable)
rElec    .         Reflect  +   (cloak currently unavailable)
rCorr    .         Harm     .   (gloves currently unavailable)
MR       .....     NoTele   +   (boots currently unavailable)
Stlth    ..........             S - +2 amulet of reflection
HPRegen  0.62/turn              W - ring of protection from cold
MPRegen  0.16/turn              M - ring of Darkness {rPois MR- Int+6 SInv Stlth+}

@: berserking, tree-form, slow
A: (change form in water), (swift swim), (stealthy swim), clumsy 1, strong 1,
wild magic 1
a: Minor Destruction, Lesser Servant of Makhleb, Major Destruction, Greater
Servant of Makhleb, Renounce Religion


You were on level 1 of the Swamp.
You worshipped Makhleb.
Makhleb was exalted by your worship.
You were very hungry.
You were a tree.
You visited 5 branches of the dungeon, and saw 21 of its levels.
You also visited: Volcano.

You collected 1765 gold pieces.
You spent 1120 gold pieces at shops.

Inventory:

Hand Weapons
 a - a +3 spear of venom (weapon)
 d - a +4 halberd of freezing
 r - a +2 glaive of flaming
Missiles
 y - 12 tomahawks
 J - 6 javelins (quivered)
Armour
 b - a cursed -1 robe
 g - a +3 leather armour of fire resistance (melded)
 i - a +0 buckler (worn)
 l - a scarf of spirit shield (melded)
 m - a +2 robe of cold resistance
 n - a +3 leather armour of fire resistance
 x - a +2 shield
 E - a +1 pair of boots of stealth (melded)
 G - a +0 pair of gloves (melded)
 H - a +1 cloak
 O - a +1 leather armour of positive energy
 P - the +1 helmet of Refuge (melded) {rN+}
   (You found it in a volcano)

   It protects you from negative energy.
Jewellery
 K - a +1 ring of protection
 M - the ring of Darkness (right branch) {rPois MR- Int+6 SInv Stlth+}
   (You bought it in a shop on level 9 of the Dungeon)

   [ring of intelligence]

   It affects your intelligence (+6).
   It protects you from poison.
   It affects your resistance to hostile enchantments.
   It lets you see invisible.
   It makes you more stealthy.
 Q - an uncursed ring of ice
 S - a +2 amulet of reflection (around neck)
 W - a ring of protection from cold (left branch)
Wands
 L - a wand of iceblast (18)
 N - a wand of enslavement (16)
 R - a wand of acid (15)
 V - a wand of polymorph (5)
 Y - a wand of disintegration (16)
Scrolls
 e - 3 scrolls of remove curse
 j - 3 scrolls of vulnerability {unknown}
 p - 5 scrolls of enchant weapon
 q - 8 scrolls of teleportation
 s - 2 scrolls of fear {unknown}
 t - 6 scrolls of magic mapping
 u - 3 scrolls of fog {unknown}
 D - a scroll of random uselessness {unknown}
 F - 5 scrolls of blinking
 I - 2 scrolls of enchant armour {unknown}
 U - a scroll of summoning
 X - 3 scrolls of holy word
 Z - 4 scrolls of immolation
Potions
 f - a potion of ambrosia {unknown}
 h - 2 potions of agility {unknown}
 k - 3 potions of resistance
 o - 2 potions of flight
 w - 3 potions of magic
 A - 3 potions of lignification
 B - a potion of curing
 C - 5 potions of haste {unknown}
 T - 2 potions of cancellation
Comestibles
 c - 41 rations


   Skills:
 * Level 16.4 Fighting
 + Level 18.7 Polearms
 - Level 2.0 Throwing
 - Level 4.0 Armour
 + Level 17.9 Dodging
 - Level 7.7 Stealth
 + Level 8.6 Shields
 * Level 1.6 Spellcasting
 + Level 1.0 Charms
 + Level 1.9 Transmutations
 + Level 1.0 Air Magic
 + Level 3.0 Invocations
 + Level 4.3 Evocations


You had 15 spell levels left.
You knew the following spells:

 Your Spells              Type           Power        Failure   Level  Hunger
a - Beastly Appendage     Tmut           ##....       13%         1    ##.....
S - Swiftness             Chrm/Air       #.......     26%         2    ###....

Your spell library contained the following spells:

 Spells                   Type           Power        Failure   Level  Hunger
 Sticks to Snakes         Tmut           ##......     19%         2    ###....
 Confusing Touch          Hex            #.....       26%         1    ##.....
 Flame Tongue             Conj/Fire      #....        26%         1    ##.....
 Sting                    Conj/Pois      #...         26%         1    ##.....
 Poisonous Vapours        Pois/Air       #.....       32%         2    ###....
 Throw Flame              Conj/Fire      #.....       36%         2    ###....
 Spider Form              Tmut/Pois      #.........   45%         3    ####...
 Mephitic Cloud           Conj/Pois/Air  #.......     54%         3    ####...
 Confuse                  Hex            #.......     58%         3    ####...
 Conjure Flame            Conj/Fire      #.......     58%         3    ####...
 Gell's Gravitas          Tloc           #.........   58%         3    ####...
 Inner Flame              Hex/Fire       #.......     58%         3    ####...
 Recall                   Summ/Tloc      N/A          58%         3    ####...
 Ice Form                 Ice/Tmut       #.......     83%         4    #####..
 Petrify                  Tmut/Erth      #.......     83%         4    #####..
 Olgreb's Toxic Radiance  Pois           #.......     92%         4    #####..
 Sticky Flame             Conj/Fire      #.......     92%         4    #####..
 Blade Hands              Tmut           ##........   96%         5    ######.
 Aura of Abjuration       Summ           #.........   99%         5    ######.
 Fireball                 Conj/Fire      #.........   99%         5    ######.
 Metabolic Englaciation   Hex/Ice        #.........   99%         5    ######.
 Summon Demon             Summ           #.........   99%         5    ######.
 Summon Forest            Summ/Tloc      #.........   99%         5    ######.
 Summon Mana Viper        Hex/Summ       #.......     99%         5    ######.
 Venom Bolt               Conj/Pois      #.........   99%         5    ######.
 Yara's Violent Unravell  Hex/Tmut       #.........   99%         5    ######.
 Shadow Creatures         Summ           N/A          100%        6    #######


Dungeon Overview and Level Annotations

Branches:
Dungeon (11/15)            Temple (1/1) D:6            Lair (6/6) D:9
  Swamp (1/4) Lair:2       Spider (2/4) Lair:3        Slime (0/5) Lair:6
    Orc: D:9-12

Altars:
Ashenzari
Cheibriados
Dithmenos
Elyvilon
Fedhas
Gozag
Hepliaklqana
Kikubaaqudgha
Makhleb
Nemelex Xobeh
Okawaru
Qazlal
Ru
Sif Muna
Trog
Uskayaw
Vehumet
Wu Jian
Xom
Yredelemnul
Zin
The Shining One
Jiyva

Shops:
D:9 =

Portals:
Trove: D:11 (give 11 potions of heal wounds)

Annotations:
Swamp:1 exclusion: Roxanne, Roxanne


Innate Abilities, Weirdness & Mutations

((You revert to your normal form in water.))
((You are very nimble and swift while swimming.))
((You are very stealthy in the water. (Stealth+)))
You are clumsy. (Dex -2)
Your muscles are strong. (Str +2)
Your spells are a little harder to cast, but a little more powerful.


Message History

The shambling mangrove is almost destroyed.
The shambling mangrove completely misses you.
The hornet stings you but does no damage.
You block the hornet's attack.
You puncture the shambling mangrove!
You destroy the shambling mangrove!
Makhleb accepts your kill.
You feel better.
You hit the hornet but do no damage.
The hornet is poisoned.
The hornet stings you but does no damage.
The hornet stings you.
* * * LOW HITPOINT WARNING * * *
You closely miss the hornet.
The hornet stings you but does no damage.
You barely miss the hornet.
The hornet is lightly wounded.
The hornet stings you!
* * * LOW HITPOINT WARNING * * *
The hornet stings you!
You die...

i≈. ...y ..≈ .≈.. . #.≈ ≈..
.####..♣♣ .♣.##. ........♣
♣♣.#.#...#...#.♣
≈≈.#.#..##.....♣♣♣
≈..............§.♣♣♣♣
≈≈....#...###..≈♣y..♣♣♣♣
♣♣........#.....yy≈≈...♣
.♣...##...##.......≈.8..≈.♣
.†≈..#........≈≈...≈....≈♣♣♣♣♣.≈≈
.♣♣.......#..≈≈≈≈.....♣≈.≈..♣....
♣♣♣...........≈...≈≈≈.♣♣.≈.......
.♣♣♣.≈.≈.......≈≈.≈≈≈....≈≈≈..≈≈
.♣ ♣≈....≈≈..≈≈≈≈..≈≈≈≈≈≈≈≈≈≈.♣
♣♣ ♣♣♣♣♣≈≈≈..[≈≈≈...≈.≈≈≈≈≈≈.♣♣♣
♣.......≈≈.....≈≈..≈≈...♣♣
♣...........≈≈..≈..≈≈.....


You could see Roxanne and 3 hornets.

Vanquished Creatures
  A thorn hunter (Swamp:1)
  A fire dragon (Lair:6)
  Fannar (D:11)
  Harold (D:11)
  A vault guard (D:11)
  10 hydras
  A shambling mangrove (Swamp:1)
  A catoblepas (Lair:6)
  A two-headed ogre (D:9)
  5 alligators (Swamp:1)
  8 death yaks
  Urug (Lair:4)
  4 spriggans (Swamp:1)
  A lindwurm (Lair:6)
  A swamp dragon (Swamp:1)
  Pikel (Temple)
  2 orc knights (D:9)
  5 wolf spiders
  5 orb spiders
  30 elephants
  Maurice (D:9)
  The ghost of Mgcat the Cleaver, a novice HOGl (D:4)
  3 black mambas
  6 torpor snails
  2 gargoyles
  A molten gargoyle (Volcano)
  10 spiny frogs
  2 rime drakes
  8 demonic crawlers
  5 komodo dragons
  13 jumping spiders
  5 tyrant leeches
  10 blink frogs
  14 hornets
  4 bog bodies
  4 hippogriffs
  8 dream sheep
  11 polar bears
  6 raiju (Lair:6)
  6 slime creatures (Swamp:1)
  A shadow (Swamp:1)
  21 redbacks
  2 wyverns
  43 yaks
  9 tarantellas (Spider:1)
  A wraith (D:10)
  2 fire elementals (Volcano)
  2 basilisks (Lair:2)
  A hungry ghost (D:8)
  7 vampire mosquitoes
  21 wargs
  A swamp worm (Swamp:1)
  A soldier ant (D:7)
  5 insubstantial wisps (Swamp:1)
  10 hell hounds (Lair:6)
  13 porcupines
  20 water moccasins
  3 slaves (Temple)
  14 black bears
  An eye of draining (D:9)
  9 orc warriors
  An ice beast (D:11)
  12 ogres
  27 wolves
  11 crocodiles
  4 centaurs
  A big kobold (D:11)
  8 bullfrogs
  A scorpion (D:10)
  12 killer bees
  12 wights
  2 howler monkeys
  A crimson imp (D:11)
  2 centaur zombies
  A quasit (D:7)
  2 jellies
  9 hounds
  A bullfrog skeleton (D:9)
  6 orc priests
  Crazy Yiuf (D:7)
  2 centaur skeletons
  12 orc wizards
  Jessica (D:3)
  2 iguanas
  4 worker ants
  A hound zombie (D:5)
  A hound skeleton (D:10)
  A worker ant zombie (D:6)
  A howler monkey skeleton (D:7)
  10 adders
  4 gnolls (D:6)
  5 shadow imps
  An adder skeleton (D:8)
  3 worms
  2 dart slugs (D:2)
  5 leopard geckos
  52 orcs
  6 giant cockroaches
  2 goblins
  5 hobgoblins
  3 jackals (D:6)
  6 quokkas
  2 ball pythons
  A ball python skeleton (D:4)
  10 bats
  5 frilled lizards
  10 kobolds
  4 rats (D:1)
  A briar patch (Swamp:1)
  A plant (Lair:2)
665 creatures vanquished.

Vanquished Creatures (others)
  A hell hound (Lair:6)
  A swamp drake (Swamp:1)
  An orc wizard (D:5)
  A briar patch (Swamp:1)
  69 fungi
  64 plants
137 creatures vanquished.

Grand Total: 802 creatures vanquished

Notes
Turn   | Place    | Note
-------+----------+-------------------------------------------
     0 | D:1      | bli the Merfolk Monk began the quest for the Orb.
     0 | D:1      | Reached XP level 1. HP: 18/18 MP: 1/1
   112 | D:1      | Reached XP level 2. HP: 7/24 MP: 2/2
   882 | D:2      | Reached skill level 5 in Polearms
   882 | D:2      | Reached XP level 3. HP: 24/29 MP: 3/3
  1366 | D:3      | Reached skill level 5 in Dodging
  1366 | D:3      | Reached XP level 4. HP: 7/37 MP: 4/4
  2231 | D:3      | Reached skill level 6 in Polearms
  2231 | D:3      | Reached XP level 5. HP: 13/42 MP: 5/5
  2510 | D:3      | Noticed Jessica
  2523 | D:3      | Killed Jessica
  2551 | D:3      | Identified Jessica's Volume of Enhancements
  2701 | D:4      | Found a white marble altar of Elyvilon.
  2720 | D:4      | Found a runed door.
  2725 | D:4      | Noticed Mgcat's ghost (novice HOGl)
  3490 | D:5      | Entered Level 5 of the Dungeon
  3544 | D:4      | Reached XP level 6. HP: 46/49 MP: 6/6
  3612 | D:5      | Reached skill level 7 in Polearms
  4189 | D:4      | Reached skill level 8 in Polearms
  4189 | D:4      | Reached XP level 7. HP: 30/55 MP: 7/7
  4642 | D:5      | Reached skill level 5 in Fighting
  4707 | D:5      | HP: 2/56 [orc/+0 flail (5)]
  5121 | D:5      | Reached skill level 9 in Polearms
  5342 | D:5      | You fall through a shaft for 2 floors!
  5350 | D:7      | Found a burning altar of Makhleb.
  5358 | D:7      | Became a worshipper of Makhleb the Destroyer
  5358 | D:7      | Reached * piety under Makhleb
  5358 | D:7      | Reached ** piety under Makhleb
  5411 | D:7      | Reached XP level 8. HP: 63/63 MP: 8/8
  5465 | D:6      | Learned a level 1 spell: Beastly Appendage
  5609 | D:6      | Noticed Pikel
  6095 | D:6      | Found a staircase to the Ecumenical Temple.
  6122 | Temple   | Entered the Ecumenical Temple
  6603 | Temple   | Killed Pikel
  6603 | Temple   | Reached skill level 11 in Polearms
  7388 | D:4      | Killed Mgcat's ghost
  7388 | D:4      | Reached XP level 9. HP: 26/72 MP: 9/9
  7656 | D:7      | Found a shadowy altar of Dithmenos.
  7933 | D:7      | Reached skill level 12 in Polearms
  8281 | D:7      | Found a runed door.
  8285 | D:7      | Noticed Crazy Yiuf
  8296 | D:7      | Killed Crazy Yiuf
  8296 | D:7      | Reached skill level 5 in Stealth
  8440 | D:7      | Found a basalt altar of Yredelemnul.
  8629 | D:8      | Noticed a hornet
  8898 | D:7      | Reached skill level 1 in Transmutations
  9177 | D:8      | Noticed a hornet
  9184 | D:8      | Paralysed by a hornet for 3 turns
  9191 | D:8      | Killed a hornet
  9191 | D:8      | Reached XP level 10. HP: 36/82 MP: 5/11
  9450 | D:8      | Paralysed by a hornet for 3 turns
  9468 | D:8      | Reached skill level 1 in Evocations
  9488 | D:8      | HP: 4/83 [hungry ghost (2)]
  9491 | D:8      | Reached skill level 1 in Spellcasting
  9998 | D:8      | Reached skill level 13 in Polearms
 10598 | D:9      | Reached *** piety under Makhleb
 10710 | D:9      | Noticed an orc knight
 10758 | D:9      | Noticed an orc knight
 10798 | D:9      | Killed an orc knight
 10825 | D:9      | Noticed Maurice
 10844 | D:9      | Killed Maurice
 10882 | D:9      | Reached skill level 10 in Fighting
 10919 | D:9      | Identified the cursed +0 robe "Faolut" {Regen+}
 11044 | D:9      | Killed an orc knight
 11044 | D:9      | Reached skill level 10 in Dodging
 11119 | D:9      | Reached **** piety under Makhleb
 11258 | D:9      | Reached skill level 14 in Polearms
 11258 | D:9      | Reached XP level 11. HP: 92/92 MP: 13/13
 11361 | D:9      | Found Ruimp's Jewellery Boutique.
 11416 | D:9      | Bought a +2 amulet of reflection for 105 gold pieces
 11760 | D:9      | Noticed a two-headed ogre
 11789 | D:9      | Killed a two-headed ogre
 11789 | D:9      | Reached skill level 15 in Polearms
 12089 | D:9      | Found a staircase to the Lair.
 12217 | D:9      | Reached skill level 1 in Shields
 12834 | Lair:1   | Entered Level 1 of the Lair of Beasts
 12926 | Lair:1   | Reached ***** piety under Makhleb
 13197 | Lair:1   | Reached XP level 12. HP: 100/100 MP: 14/14
 13488 | Lair:1   | Noticed a four-headed hydra
 13560 | Lair:1   | Killed a four-headed hydra
 13560 | Lair:1   | Reached skill level 16 in Polearms
 14095 | Lair:1   | Noticed a seven-headed hydra
 14136 | Lair:1   | Killed a seven-headed hydra
 14843 | Lair:2   | Found a staircase to the Swamp.
 15636 | Lair:2   | Reached XP level 13. HP: 109/109 MP: 16/16
 15680 | Lair:3   | Found a hole to the Spider Nest.
 15722 | Lair:3   | You fall through a shaft for 2 floors!
 15806 | Lair:5   | Reached skill level 17 in Polearms
 16352 | Lair:5   | Found a dark tunnel.
 16366 | Volcano  | Entered a volcano
 16489 | Volcano  | Got a steaming helmet
 16497 | Volcano  | Identified the +1 helmet of Refuge {rN+} (You found it in a
                  | volcano)
 18090 | Lair:4   | Reached skill level 15 in Dodging
 18151 | Lair:4   | Noticed Urug
 18204 | Lair:4   | Killed Urug
 18355 | Lair:4   | Found an ornate altar of the Wu Jian Council.
 18429 | Lair:4   | Reached skill level 1 in Armour
 19304 | Lair:6   | Entered Level 6 of the Lair of Beasts
 20414 | Lair:5   | Reached XP level 14. HP: 120/120 MP: 14/17
 20519 | Lair:5   | Paralysed by a hornet for 3 turns
 20761 | Lair:5   | Reached ****** piety under Makhleb
 20870 | Lair:5   | Learned a level 2 spell: Swiftness
 21402 | Lair:6   | Found a viscous altar of Jiyva.
 21872 | Lair:6   | HP: 2/121 [tyrant leech (11)]
 22067 | Lair:6   | Reached skill level 5 in Shields
 22372 | Lair:6   | Found a staircase to the Slime Pits.
 22670 | Lair:6   | Got a pitted broad axe
 22721 | Lair:6   | Reached skill level 15 in Fighting
 22723 | Lair:6   | Identified the cursed +1 broad axe "Pivo Pyi" {venom,
                  | Stlth+} (You found it on level 6 of the Lair of Beasts)
 24126 | Lair:6   | Reached skill level 18 in Polearms
 24138 | Lair:6   | Found a glowing silver altar of Zin.
 24478 | Lair:6   | Found a runed door.
 24528 | Lair:6   | Reached XP level 15. HP: 96/129 MP: 11/18
 24878 | Spider:1 | Entered Level 1 of the Spider Nest
 25402 | Lair:3   | Reached skill level 1 in Invocations
 25768 | Swamp:1  | Entered Level 1 of the Swamp
 25972 | D:9      | Bought the ring of Darkness {rPois MR- Int+6 SInv Stlth+}
                  | for 1015 gold pieces
 25987 | D:10     | Entered Level 10 of the Dungeon
 27019 | D:11     | Gained mutation: Your spells are a little harder to cast,
                  | but a little more powerful. [potion of mutation]
 27019 | D:11     | Gained mutation: You are clumsy. (Dex -2) [potion of
                  | mutation]
 27019 | D:11     | Gained mutation: Your muscles are strong. (Str +2) [potion
                  | of mutation]
 27056 | D:11     | Found a portal to a secret trove of treasure.
 27132 | D:11     | Noticed Harold
 27158 | D:11     | Killed Harold
 27199 | D:11     | Noticed Fannar
 27245 | D:11     | Killed Fannar
 29165 | Spider:1 | Upgraded the game from 0.23-a0-582-g1b4a0ca to
                  | 0.23-a0-612-gcb482e9
 29408 | Spider:2 | Reached skill level 1 in Throwing
 29556 | Swamp:1  | Noticed a thorn hunter
 29960 | Swamp:1  | Killed a thorn hunter
 30199 | Swamp:1  | Reached XP level 16. HP: 129/138 MP: 14/19
 30231 | Swamp:1  | Reached skill level 1 in Charms
 30855 | Swamp:1  | Reached skill level 1 in Air Magic
 30936 | Swamp:1  | Noticed Roxanne
 30999 | Swamp:1  | HP: 6/139 [shambling mangrove (6)]
 31002 | Swamp:1  | HP: 1/312 [shambling mangrove (5)]
 31011 | Swamp:1  | HP: 14/312 [hornet[a shambling mangrove] (5)]
 31013 | Swamp:1  | Slain by a hornet

Vault maps used:
D:1:      dpeg_arrival_lava_temple_mockup
D:3:      first_ration, kennysheep_jessica_study
D:4:      ebering_ghost_reflecting_pool, nrook_mini_backslash, elyvilon_altar_5
D:6:      minmay_temple_entry_overgrown, uniq_pikel
D:7:      kennysheep_little_box, basic_altar, nicolae_dithmenos_the_darkroom,
          uniq_crazy_yiuf_cottage
D:8:      hangedman_pestilent_swarm, nicolae_straight_to_the_point
D:9:      lemuel_castle_with_subvaults, due_lair_maze_entry_diamond,
          serial_shops, nicolae_shop_stone, uniq_maurice
D:11:     enter_trove_5, serial_rivers, chequers_serial_rivers_micro_c,
          chequers_serial_rivers_small_b, chequers_serial_rivers_small_b,
          chequers_serial_rivers_small_3, chequers_serial_rivers_micro_a,
          chequers_serial_rivers_small_a, uniq_fannar, uniq_harold
Temple:   roderic_octagonal_lattice_temple
Lair:1:   infiniplex_staircase_pool_2
Lair:2:   skrybe_swamp_entry_bodies, grunt_forest_small_clearings,
          hibernation_bobbens
Lair:3:   spider_nest_entry_rubble
Lair:4:   basic_altar, uniq_urug
Lair:5:   enter_volcano_2
Lair:6:   hangedman_lair_caniforms_friends, wormcave, slime_altar_1,
          basic_altar, grunt_megastairs_1
Swamp:1:  serial_swamp_ruin, evilmike_swamp_ruin_rubble_2,
          evilmike_swamp_ruin_rubble_1, uniq_roxanne
Spider:1: einodemon_crawler_minivault
Volcano:  volcano_overflow

Skill      XL: |  1  2  3  4  5  6  7  8  9 10 11 12 13 14 15 16 |
---------------+-------------------------------------------------+-----
Polearms       | 5 6 8 9 11 12 14 15 16 17 18 | 18.7
Dodging        | 5 6 7 8 10 11 13 15 16 17 | 17.9
Stealth        | 3 4 5 6 7 |  7.7
Fighting       | 4 5 7 8 10 11 12 14 15 16 | 16.4
Transmutations | 1 |  1.9
Evocations     | 3 4 |  4.3
Spellcasting   | 1 |  1.6
Shields        | 3 4 6 8 |  8.6
Armour         | 2 3 4 |  4.0
Invocations    | 3 |  3.0
Throwing       | 2 |  2.0
Charms         | 1 |  1.0
Air Magic      | 1 |  1.0

Action                   |  1- 3 |  4- 6 |  7- 9 | 10-12 | 13-15 | 16-18 || total
-------------------------+-------+-------+-------+-------+-------+-------++-------
Melee: Spear             |   118 |    23 |   201 |       |       |   214 ||   556
       Trident           |       |   205 |   315 |  1027 |  2578 |    20 ||  4145
       Headbutt          |       |       |     4 |     1 |       |       ||     5
       Tailslap          |       |       |       |    56 |    30 |    30 ||   116
       Glaive            |       |       |       |       |    63 |       ||    63
Throw: Stone             |    10 |    26 |    28 |    22 |       |       ||    86
       Tomahawk          |       |       |       |   108 |    39 |       ||   147
       Javelin           |       |       |       |       |    15 |     1 ||    16
 Cast: Beastly Appendage |       |       |     4 |     2 |       |       ||     6
Invok: Minor Destruction |       |       |       |       |     2 |       ||     2
Evoke: Wand              |       |       |     8 |    33 |    25 |     5 ||    71
  Use: Potion            |       |     1 |     5 |     4 |     3 |     2 ||    15
       Scroll            |       |       |     8 |     2 |    13 |     1 ||    24
 Stab: Sleeping          |     7 |     6 |     6 |     3 |    38 |     4 ||    64
       Confused          |       |       |       |     2 |       |       ||     2
       Paralysed         |       |       |       |     2 |       |       ||     2
       Distracted        |       |       |       |       |     8 |       ||     8
       Petrified         |       |       |       |       |     3 |       ||     3
       Held in net/web   |       |       |       |       |     1 |       ||     1
  Eat: Chunk             |     1 |     9 |     8 |    17 |    40 |       ||    75
       Ration            |       |       |     3 |     2 |     3 |       ||     8
Armor: Robe              |     7 |    26 |    56 |    60 |    12 |       ||   161
       Leather armour    |       |       |       |       |   263 |    11 ||   274
       Skin              |       |       |       |       |       |     8 ||     8
Dodge: Dodged            |    38 |   150 |   308 |   500 |  1863 |   145 ||  3004
Block: Buckler           |       |       |       |   145 |   791 |    55 ||   991
       Other             |       |       |       |       |     5 |       ||     5
       Reflection        |       |       |       |       |     5 |       ||     5

Table legend:
 A = Non-vault XP
 B = Vault XP
 C = Vault XP percentage of total XP
 D = Non-vault monster count
 E = Vault monster count
 F = Vault count percentage of total count
                 A         B        C        D         E       F
            +---------+---------+-------+---------+---------+-------
      Total |  105178 |   33289 |  24.0 |     504 |     158 |  23.9
            +---------+---------+-------+---------+---------+-------
        D:1 |      22 |       0 |   0.0 |      15 |       0 |   0.0
        D:2 |      54 |       0 |   0.0 |      17 |       0 |   0.0
        D:3 |      92 |      39 |  29.8 |      14 |       2 |  12.5
        D:4 |     408 |     448 |  52.3 |      21 |       1 |   4.5
        D:5 |     521 |       0 |   0.0 |      22 |       0 |   0.0
        D:6 |     420 |       0 |   0.0 |      15 |       0 |   0.0
        D:7 |    1017 |     207 |  16.9 |      22 |       3 |  12.0
        D:8 |    1243 |     558 |  31.0 |      19 |       2 |   9.5
        D:9 |    2757 |    6760 |  71.0 |      24 |      59 |  71.1
       D:10 |    2557 |       0 |   0.0 |      32 |       0 |   0.0
       D:11 |    3589 |    2988 |  45.4 |      32 |       3 |   8.6
     Temple |       0 |     685 | 100.0 |       0 |       1 | 100.0
     Lair:1 |    9335 |       0 |   0.0 |      38 |       0 |   0.0
     Lair:2 |    7142 |     460 |   6.1 |      28 |       2 |   6.7
     Lair:3 |    1891 |     603 |  24.2 |       6 |       1 |  14.3
     Lair:4 |    6568 |     839 |  11.3 |      24 |       1 |   4.0
     Lair:5 |   17203 |     554 |   3.1 |      41 |       3 |   6.8
     Lair:6 |   13785 |   16301 |  54.2 |      35 |      70 |  66.7
    Swamp:1 |   19615 |       0 |   0.0 |      43 |       0 |   0.0
   Spider:1 |   13196 |    1633 |  11.0 |      45 |       6 |  11.8
   Spider:2 |    3763 |       0 |   0.0 |      11 |       0 |   0.0
    Volcano |       0 |    1214 | 100.0 |       0 |       4 | 100.0
            +---------+---------+-------+---------+---------+-------
